 Seeded DCSS version 0.27.1 (webtiles) character file.

Game seed: 17384682837998859162 (custom seed)

203 nicksoapdish the Chiller (level 5, -7/50 HPs)
             Began as an Ogre Ice Elementalist on Aug 24, 2021.
             Mangled by an ogre (12 damage)
             ... on level 4 of the Dungeon.
             The game lasted 00:07:59 (4337 turns).

nicksoapdish the Chiller (Ogre Ice Elementalist)    Turns: 4337, Time: 00:08:00

Health: -7/50      AC: 10    Str: 13    XL:     5   Next: 81%
Magic:  6/11       EV:  9    Int: 16    God:
Gold:   122        SH:  0    Dex:  9    Spells: 6/13 levels left

rFire    + . .     SeeInvis .   a - +0 hand axe
rCold    . . .     Faith    .   (no shield)
rNeg     . . .     Spirit   .   i - +0 robe
rPois    .         Reflect  .   g - +1 hat
rElec    .         Harm     .   (no cloak)
rCorr    .         Rampage  .   (gloves unavailable)
Will     .....                  (boots unavailable)
Stlth    +.........             (no amulet)
HPRegen  0.16/turn              j - ring of protection from fire
MPRegen  0.12/turn              (no ring)

@: ice-armoured
A: large, unfitting armour, tough skin 1
a: no special abilities


You were on level 4 of the Dungeon.
You visited 1 branch of the dungeon, and saw 4 of its levels.

You collected 122 gold pieces.

Inventory:

Hand Weapons
 a - a +0 hand axe (weapon)
 b - a +1 short sword
Armour
 g - a +1 hat (worn)
 i - a +0 robe (worn)
Jewellery
 j - a ring of protection from fire (left hand)
Wands
 h - a wand of mindburst (9)
Scrolls
 d - 2 scrolls of teleportation {unknown}
 f - a scroll of blinking {unknown}
 k - a scroll of magic mapping {unknown}
Potions
 c - a potion of degeneration {unknown}
 e - a potion of berserk rage {unknown}


   Skills:
 * Level 2.6 Fighting
 * Level 1.1 Axes
 - Level 1.7 Dodging
 - Level 1.4 Stealth
 + Level 4.5 Spellcasting
 + Level 4.7 Ice Magic


You had 6 spell levels left.
You knew the following spells:

 Your Spells              Type           Power      Damage    Failure   Level
a - Freeze                Ice            72%        1d9       2%          1
b - Frozen Ramparts       Ice            36%        1d5       7%          3
c - Ozocubu's Armour      Ice            18%        N/A       7%          3

Your spell library contained the following spells:

 Spells                   Type           Power      Damage    Failure   Level
 Animate Skeleton         Necr           6%         N/A       16%         1
 Static Discharge         Conj/Air       3%         N/A       24%         2
 Hailstorm                Conj/Ice       11%        3d5       52%         4
 Dispel Undead            Necr           3%         3d7       85%         4
 Sticky Flame             Conj/Fire      3%         2d3       85%         4


Dungeon Overview and Level Annotations

Branches:
Dungeon (4/15)
 Temple: D:4-7

Altars:
Makhleb


Innate Abilities, Weirdness & Mutations

You are too large for most types of armour.
You have tough skin. (AC +1)


Message History

Found a long sword and a club.
There is a stone staircase leading up here.
Found a silvery potion.
An ogre comes into view. It is wielding a +0 giant spiked club.
What are your orders? t - Shout!
Orders for allies: a - Attack new target. r - Retreat! s - Stop attacking. g - Guard the area. f - Follow me.
Anything else - Cancel.
You shout for attention!
The ogre shouts!
You hear a shout! x2
Casting: Ozocubu's Armour (dangerous; 7% risk of failure)
Confirm with . or Enter, or press ? or * to list all spells.
Casting: Frozen Ramparts (dangerous; 7% risk of failure)
Press: ? - help, Dir - look around, f - activate The walls around you are covered in ice.
Casting: Frozen Ramparts (dangerous; 7% risk of failure)
Confirm with . or Enter, or press ? or * to list all spells.
A film of ice covers your body!
The wall freezes the ogre.
You hit the ogre.
The ogre is lightly wounded.
The wall freezes the ogre.
The ogre hits you with a +0 giant spiked club!!
You hit the ogre.
The ogre is heavily wounded.
The wall freezes the ogre.
The ogre barely misses you.
You hit the ogre but do no damage.
The ogre is severely wounded.
The wall freezes the ogre.
The ogre barely misses you.
You hit the ogre but do no damage.
The ogre is severely wounded.
The frozen ramparts melt away.
The ogre hits you with a +0 giant spiked club!!
Ouch! That really hurt!
* * * LOW HITPOINT WARNING * * *
You hit the ogre but do no damage.
The ogre is severely wounded.
The ogre hits you with a +0 giant spiked club!
You die...

.. ... ......... .....#...
.....#... .## #.......#
.... #...!...# ###... ####
##......O## ..... #....
#........@# ...#
.....##........## ...##..
#......#.###...####.......
#......# ##..##)<..#.#
#..h.<# .#.##........#
#...."..............#....
................##......###
#...............#.#..)..#
##................#.......


You could see an ogre.

Vanquished Creatures
  3 iron imps (D:3)
  3 gnolls (D:2)
  An adder (D:2)
  2 dart slugs
  4 orcs (D:3)
  6 ball pythons
  6 endoplasms
  3 giant cockroaches
  9 goblins
  8 hobgoblins
  3 jackals (D:1)
  6 kobolds
  7 bats
  2 frilled lizards
  7 rats
70 creatures vanquished.

Notes
Turn   | Place    | Note
-------+----------+-------------------------------------------
     0 | D:1      | nicksoapdish the Ogre Ice Elementalist began the quest for
                  | the Orb.
     0 | D:1      | Reached XP level 1. HP: 16/16 MP: 3/3
   193 | D:1      | Reached XP level 2. HP: 21/26 MP: 0/5
   522 | D:1      | Reached skill level 1 in Fighting
   915 | D:1      | Reached XP level 3. HP: 28/33 MP: 1/7
  1485 | D:2      | Learned a level 3 spell: Frozen Ramparts
  1489 | D:2      | Learned a level 3 spell: Ozocubu's Armour
  2137 | D:2      | Reached XP level 4. HP: 38/41 MP: 5/9
  3255 | D:3      | Reached XP level 5. HP: 49/49 MP: 7/11
  3345 | D:3      | Found a faded altar of an unknown god.
  3352 | D:3      | Got Plato's Incunabulum of Evil
  3727 | D:3      | Found a burning altar of Makhleb.
  3930 | D:3      | Reached skill level 1 in Axes
  4326 | D:4      | Noticed an ogre
  4337 | D:4      | Mangled by an ogre

Illustrated notes

Levels and vault maps discovered:
D:1:      enne_arrival_octagon_isle, layout_loops_ring, nrook_uturn,
          chequers_serial_rivers_marsh
D:2:      layout_basic, minivault_5, minmay_surrounded
D:3:      layout_basic, demons_altar, shapermc_ecumenical_altar_rom_forum,
          minmay_tree_intersection
D:4:      layout_cave_pools, serial_park_tiny_1, nrook_mini_vaults,
          supply_closet_lemuel, minmay_manual_monstrance

Skill      XL: |  1  2  3  4  5 |
---------------+----------------+-----
Fighting       | 1 2 |  2.6
Ice Magic      | 4 |  4.7
Spellcasting   | 3 4 |  4.5
Axes           | 1 |  1.1
Dodging        | |  1.7
Stealth        | |  1.4

Action                   |  1- 3 |  4- 6 || total
-------------------------+-------+-------++-------
Melee: Short sword       |    16 |    12 ||    28
       Hand axe          |       |    42 ||    42
 Cast: Freeze            |    44 |     1 ||    45
       Frozen Ramparts   |     6 |    17 ||    23
       Ozocubu's Armour  |       |     5 ||     5
  Use: Scroll            |     1 |       ||     1
 Stab: Sleeping          |       |     1 ||     1
Armor: Robe              |    16 |    13 ||    29
Dodge: Dodged            |    21 |    29 ||    50
